 Dungeon Crawl Stone Soup version 0.21.1-1-g345015f (webtiles) character file.

32 Tarasboulda the Chiller (level 3, 0/24 HPs)
             Began as a Merfolk Ice Elementalist on June 8, 2018.
             Succumbed to an adder's poison
             ... on level 2 of the Dungeon.
             The game lasted 00:04:26 (1266 turns).

Tarasboulda the Chiller (Merfolk Ice Elementalist)  Turns: 1266, Time: 00:04:27

Health: 0/24       AC:  2    Str:  8    XL:     3   Next: 27%
Magic:  3/6        EV: 14    Int: 14    God:
Gold:   38         SH:  0    Dex: 17    Spells: 6/7 levels left

rFire    . . .     SeeInvis .   k - +3 dagger
rCold    . . .     Gourm    .   (no shield)
rNeg     . . .     Faith    .   a - +0 robe
rPois    .         Spirit   .   (no helmet)
rElec    .         Reflect  .   (no cloak)
rCorr    .         Harm     .   (no gloves)
MR       +....                  (no boots)
Stlth    ++........             (no amulet)
HPRegen  0.08/turn              g - ring of protection from magic
MPRegen  0.10/turn              (no ring)

@: lethally poisoned (0 -> -4)
A: change form in water, swift swim, stealthy swim, agile 1, mutation resistance
1
a: no special abilities


You were on level 2 of the Dungeon.
You were not hungry.

You visited 1 branch of the dungeon, and saw 2 of its levels.

You collected 38 gold pieces.

Inventory:

Hand Weapons
 k - a +3 dagger (weapon)
Missiles
 l - 3 javelins (quivered)
Armour
 a - a +0 robe (worn)
Jewellery
 g - a ring of protection from magic (left hand)
 h - an uncursed ring of loudness
Scrolls
 f - a scroll of blinking
 i - a scroll of random uselessness {unknown}
Potions
 e - a potion of flight {unknown}
 j - a potion of heal wounds {unknown}
Books
 b - a book of Frost

   Spells                             Type                      Level
   a - Freeze                         Ice                          1
   b - Throw Frost                    Conjuration/Ice              2
   c - Ozocubu's Armour               Charms/Ice                   3
   d - Throw Icicle                   Conjuration/Ice              4
   e - Summon Ice Beast               Ice/Summoning                4
Comestibles
 c - a ration


   Skills:
 + Level 3.3 Dodging
 + Level 2.4 Stealth
 - Level 2.5 Spellcasting
   Level 0.7 Conjurations
 + Level 3.8 Ice Magic


You had 6 spell levels left.
You knew the following spells:

 Your Spells              Type           Power        Failure   Level  Hunger
a - Freeze                Ice            ##..         4%          1    #......


Dungeon Overview and Level Annotations

Branches:
Dungeon (2/15)

Altars:
Hepliaklqana
Xom
The Shining One


Innate Abilities, Weirdness & Mutations

You revert to your normal form in water.
You are very nimble and swift while swimming.
You are very stealthy in the water. (Stealth+)
You are agile. (Dex +2)
You are somewhat resistant to further mutation.


Message History

The adder is severely wounded.
The leopard gecko misses you. The adder bites you.
You are poisoned.
The adder poisons you!
You barely miss the adder.
The adder is severely wounded.
You feel sick. The leopard gecko barely misses you.
The adder closely misses you.
You feel sick. The leopard gecko bites you.
The adder is no longer moving slowly.
You feel sick. The leopard gecko bites you.
* * * LOW HITPOINT WARNING * * *
* * * LOW HITPOINT WARNING * * *
You feel sick.
Okay, then.
It was a potion of mutation.
You feel extremely strange.
You feel genetically stable.
You feel agile.
The leopard gecko completely misses you.
You die...

#............
#.....(....## ..
#.###......###..
#.. #..........
#.###.#.####.#.###
#.......S........#
...##.##.l.......#
#.. #.........# #.
#..@......+
#.###.........###
#...............#
#####..........<#
#..........##
#.............#
#.........#####
#...........
#.........###


You could see an adder and a leopard gecko.

Vanquished Creatures
  An adder (D:2)
  2 dart slugs (D:1)
  A leopard gecko (D:1)
  A giant cockroach (D:2)
  A goblin (D:1)
  A hobgoblin (D:1)
  5 kobolds
  A quokka (D:2)
  2 bats (D:1)
  2 frilled lizards (D:1)
  3 rats (D:1)
20 creatures vanquished.

Vanquished Creatures (others)
  5 toadstools (D:1)
5 creatures vanquished.

Grand Total: 25 creatures vanquished

Notes
Turn   | Place    | Note
-------+----------+-------------------------------------------
     0 | D:1      | Tarasboulda the Merfolk Ice Elementalist began the quest for the Orb.
     0 | D:1      | Reached XP level 1. HP: 13/13 MP: 3/3
    71 | D:1      | Reached XP level 2. HP: 2/19 MP: 1/5
  1060 | D:2      | Found a hazy altar of Hepliaklqana.
  1093 | D:2      | Reached XP level 3. HP: 19/24 MP: 1/6
  1250 | D:2      | Found a glowing golden altar of the Shining One.
  1250 | D:2      | Found a shimmering altar of Xom.
  1262 | D:2      | HP: 1/24 [poisoned by an adder]
  1263 | D:2      | Gained mutation: You are somewhat resistant to further mutation. [potion of mutation]
  1263 | D:2      | Gained mutation: You are agile. (Dex +2) [potion of mutation]
  1266 | D:2      | Succumbed to an adder's poison

Skill      XL: |  1 |
---------------+----+-----
Dodging        | 3 |  3.3
Stealth        | |  2.4
Spellcasting   | |  2.5
Conjurations   | |  0.7
Ice Magic      | |  3.8

Action                   || total
-------------------------++-------
Melee: Unarmed           ||    15
       Dagger            ||     2
 Cast: Freeze            ||    40
  Use: Scroll            ||     3
       Potion            ||     1
  Eat: Ration            ||     1
Armor: Robe              ||     8
Dodge: Dodged            ||    41
